 Dungeon Crawl Stone Soup version 0.26.0-15-gc6cd9f700b (webtiles) character file.

Game seed: 455457710975760839

1470 jackrogers the Cleaver (level 8, -4/69 HPs)
             Began as a Gargoyle Monk on Jan 16, 2021.
             Slain by an orc warrior
             ... wielding a +0 battleaxe
              (17 damage)
             ... on level 6 of the Dungeon on Jan 17, 2021.
             The game lasted 00:09:12 (4318 turns).

jackrogers the Cleaver (Gargoyle Monk)              Turns: 4318, Time: 00:09:12

Health: -4/69      AC: 17    Str: 17    XL:     8   Next: 78%
Magic:  8/8        EV:  7    Int: 11    God:
Gold:   289        SH:  0    Dex: 12    Spells: 7/7 levels left

rFire    . . .     SeeInvis .   a - +1 hand axe
rCold    . . .     Faith    .   (no shield)
rNeg     + . .     Spirit   .   p - +0 chain mail
rPois    ∞         Reflect  .   d - +1 helmet
rElec    +         Harm     .   c - +0 cloak (curse)
rCorr    +         Rampage  .   (no gloves)
Will     .....                  g - +0 pair of boots
Stlth    ..........             j - amulet of regeneration {+regen, !d}
HPRegen  0.61/turn              e - ring of resist corrosion
MPRegen  0.11/turn              (no ring)

@: berserking, very quick
A: negative energy resistance 1, electricity resistance, unbreathing,
petrification resistance, miasma immunity, AC +5
a: no special abilities


You were on level 6 of the Dungeon.
You visited 1 branch of the dungeon, and saw 6 of its levels.

You collected 289 gold pieces.

Inventory:

Hand Weapons
 a - a +1 hand axe (weapon)
Armour
 b - a +0 robe
 c - a cursed +0 cloak (worn)
   (You found it on level 4 of the Dungeon)
 d - a +1 helmet (worn)
   (You found it on level 1 of the Dungeon)
 g - a +0 pair of boots (worn)
   (You found it on level 1 of the Dungeon)
 l - a +0 ring mail
   (You found it on level 1 of the Dungeon)
 p - a +0 chain mail (worn)
   (You found it on level 3 of the Dungeon)
Jewellery
 e - a ring of resist corrosion (left hand)
   (You found it on level 1 of the Dungeon)
 j - an amulet of regeneration (around neck) {+regen, !d}
   (You found it on level 1 of the Dungeon)
 o - an uncursed amulet of magic regeneration
   (You found it on level 3 of the Dungeon)
Wands
 n - a wand of disintegration (17)
   (You found it on level 4 of the Dungeon)
Scrolls
 f - 2 scrolls of remove curse
 k - 5 scrolls of teleportation
 t - a scroll of identify
 u - a scroll of magic mapping {!r}
Potions
 h - a potion of cancellation
 i - a potion of mutation {unknown}
 m - 2 potions of invisibility
 q - 2 potions of haste {unknown}
 r - a potion of berserk rage {!q}
 s - a potion of ambrosia


   Skills:
 - Level 3.2 Fighting
 + Level 10.1 Axes
 - Level 2.4 Dodging
 - Level 2.1 Stealth


You had 7 spell levels left.
You didn't know any spells.
Your spell library was empty.

Dungeon Overview and Level Annotations

Branches:
Dungeon (6/15)             Temple (0/1) D:5

Altars:
Ashenzari
Kikubaaqudgha
Ru
Yredelemnul
Zin


Innate Abilities, Weirdness & Mutations

You are resistant to torment.
Your stone body is resilient. (AC +5)
You are immune to poison.
You resist negative energy. (rN+)
You are resistant to electric shocks. (rElec)
You can survive without breathing.
You are immune to petrification.
You are immune to miasma.


Message History

The ball python hisses angrily.
The centaur zombie moves out of view.
An iguana comes into view.
There are monsters nearby!
There are monsters nearby!
The iguana hisses menacingly.
The ball python barely misses you. The ball python grabs you.
The ball python constricts you.
You hit the ball python. The ball python bites you.
The ball python constricts you.
You barely miss the ball python.
The ball python bites you but does no damage.
The ball python constricts you.
You hit the ball python.
You kill the ball python!
The iguana bites you but does no damage.
You slash the iguana!
Your chain mail prevents you from hitting the centaur zombie.
The iguana bites you.
The centaur zombie hits you but does no damage.
You slash the iguana!
You hit the centaur zombie but do no damage.
The centaur zombie barely misses you. The iguana barely misses you.
You hit the iguana.
You kill the iguana!
You hit the centaur zombie.
The centaur zombie hits you but does no damage.
You hit the centaur zombie.
The centaur zombie hits you but does no damage.
You hit the centaur zombie.
The centaur zombie hits you but does no damage.
You hit the centaur zombie.
The centaur zombie hits you but does no damage.
You slash the centaur zombie!
The centaur zombie hits you but does no damage.
You hit the centaur zombie but do no damage.
The centaur zombie hits you but does no damage.
You slash the centaur zombie!
You destroy the centaur zombie!
Your Axes skill increases to level 10!
No target in view!
No target in view!
An orc wizard comes into view.
It is wielding a +0 dagger and wearing a +1 robe of fire resistance.
The orc wizard shouts!
The orc wizard moves out of view.
t - a scroll of identify An orc comes into view.
It is wielding a +0 dagger.
Spoiler Alert: The orc wizard might cast Slow, Confuse, Throw Flame, Throw Frost, or go Invisible!
There are monsters nearby!
Spoiler Alert: The orc wizard might cast Slow, Confuse, Throw Flame, Throw Frost, or go Invisible!
There are monsters nearby!
Spoiler Alert: The orc wizard might cast Slow, Confuse, Throw Flame, Throw Frost, or go Invisible!
An orc comes into view. It is wielding a +1 vampiric hand axe.
An orc warrior comes into view. It is wielding a +0 battleaxe.
Warning x2: The orc wizard might cast Slow, Confuse, Throw Flame, Throw Frost, or go Invisible!
The orc warrior (wandering) can hit for high damage!
The orc warrior shouts!
The orc shouts!
You hear a shout!
The orc wizard closely misses you.
An orc comes into view.
Warning x2: The orc wizard might cast Slow, Confuse, Throw Flame, Throw Frost, or go Invisible!
The orc warrior can hit for high damage!
You hit the orc wizard but do no damage.
The orc wizard hits you but does no damage.
Warning x2: The orc wizard might cast Slow, Confuse, Throw Flame, Throw Frost, or go Invisible!
The orc warrior can hit for high damage!
You hit the orc wizard. The orc wizard closely misses you.
Warning x2: The orc wizard might cast Slow, Confuse, Throw Flame, Throw Frost, or go Invisible!
The orc warrior can hit for high damage!
Your chain mail prevents you from hitting the orc wizard.
Warning x2: The orc wizard might cast Slow, Confuse, Throw Flame, Throw Frost, or go Invisible!
The orc warrior can hit for high damage!
You hit the orc wizard.
The orc wizard hits you but does no damage.
Warning x2: The orc wizard might cast Slow, Confuse, Throw Flame, Throw Frost, or go Invisible!
The orc warrior can hit for high damage!
You hit the orc wizard.
The orc wizard points at you and mumbles some strange words.
The puff of flame hits you.
Warning x2: The orc wizard might cast Slow, Confuse, Throw Flame, Throw Frost, or go Invisible!
The orc warrior can hit for high damage!
You hit the orc wizard.
You kill the orc wizard!
You hit the orc warrior.
The orc warrior hits you with a +0 battleaxe!
You hit the orc warrior but do no damage.
You hit the orc warrior but do no damage.
The orc warrior hits you with a +0 battleaxe!!
* * * LOW HITPOINT WARNING * * *
You are too injured to fight recklessly!
You are too injured to fight recklessly!
Spoiler Alert: The orc warrior can hit for high damage!
You are too injured to fight recklessly!
You are too injured to fight recklessly!
You are too injured to fight recklessly!
You are too injured to fight recklessly!
You are too injured to fight recklessly!
You are too injured to fight recklessly!
Spoiler Alert: The orc warrior can hit for high damage!
You are too injured to fight recklessly!
You are too injured to fight recklessly!
Unknown command.
Really quaff
r - 2 potions of berserk rage {!q}?
A red film seems to cover your vision as you go berserk!
You feel yourself moving faster!
You feel mighty!
The orc warrior hits you with a +0 battleaxe!
You die...

#.#...##
###>#.#..# .#.##
.........# #...
#####.#..###. ....
#####..#....# ...
...............oo#
##.#.###.#######o#
.....# #.# #o#
.>...###.# #@#
##.#.....#######.#
#.#.............#
.......########..#
##.#..## #..#
#.#... #..# # #..#
#..# #..# #..#
.... ....


You could see an orc warrior and 3 orcs.

Vanquished Creatures
  Duvessa (D:4)
  A sky beast (D:5)
  2 ogres
  A bullfrog (D:5)
  A scorpion (D:6)
  Dowan (D:4)
  A howler monkey (D:5)
  2 centaur zombies
  2 hounds
  A jelly (D:5)
  5 orc priests
  A bullfrog skeleton (D:4)
  Terence (D:2)
  An iguana (D:6)
  5 orc wizards
  3 worker ants
  A hound skeleton (D:4)
  Robin (D:4)
  A howler monkey zombie (D:5)
  9 adders
  4 gnolls (D:5)
  A white imp (D:5)
  An ufetubus (D:5)
  An ooze (D:4)
  An adder skeleton (D:5)
  A worm (D:2)
  2 dart slugs
  2 leopard geckos
  23 orcs
  4 giant cockroaches
  16 goblins
  13 hobgoblins
  6 jackals
  3 quokkas
  4 ball pythons
  9 bats
  3 frilled lizards
  11 kobolds
  3 leopard gecko skeletons
  A quokka skeleton (D:3)
  11 rats
161 creatures vanquished.

Notes
Turn   | Place    | Note
-------+----------+-------------------------------------------
     0 | D:1      | jackrogers the Gargoyle Monk began the quest for the Orb.
     0 | D:1      | Reached XP level 1. HP: 14/14 MP: 1/1
   100 | D:1      | You fall into a shaft and drop 1 floor!
   127 | D:1      | Reached skill level 3 in Axes
   127 | D:1      | Reached XP level 2. HP: 9/19 MP: 2/2
   539 | D:1      | Reached XP level 3. HP: 23/23 MP: 3/3
  1105 | D:2      | Reached skill level 4 in Axes
  1231 | D:2      | Reached XP level 4. HP: 28/28 MP: 4/4
  1498 | D:2      | Noticed Terence
  1525 | D:2      | Killed Terence
  1526 | D:2      | Reached skill level 5 in Axes
  1526 | D:2      | Reached XP level 5. HP: 32/32 MP: 5/5
  1858 | D:3      | Found an ancient bone altar of Kikubaaqudgha.
  2362 | D:3      | Reached XP level 6. HP: 37/37 MP: 6/6
  2378 | D:3      | Reached skill level 6 in Axes
  2836 | D:4      | Noticed Robin
  2867 | D:4      | Killed Robin
  2945 | D:4      | Reached skill level 7 in Axes
  2945 | D:4      | Reached XP level 7. HP: 29/41 MP: 7/7
  3008 | D:4      | Noticed Dowan
  3009 | D:4      | Noticed Duvessa
  3030 | D:4      | Killed Dowan
  3038 | D:4      | HP: 14/61 [Duvessa/+0 short sword (3)]
  3044 | D:4      | HP: 11/61 [Duvessa/+0 short sword (6)]
  3046 | D:4      | HP: 3/61 [Duvessa/+0 short sword (5)]
  3053 | D:4      | HP: 13/61 [Duvessa/+0 short sword (1)]
  3098 | D:4      | Killed Duvessa
  3200 | D:4      | You fall into a shaft and drop 1 floor!
  3200 | D:5      | Entered Level 5 of the Dungeon
  3209 | D:5      | Reached skill level 8 in Axes
  3350 | D:5      | Reached XP level 8. HP: 26/46 MP: 8/8
  3370 | D:5      | HP: 11/46 [ogre/+0 giant club (3)]
  3373 | D:5      | HP: 3/46 [ogre/+0 giant club (10)]
  3388 | D:5      | HP: 10/46 [something (2)]
  3391 | D:5      | Reached skill level 9 in Axes
  3395 | D:5      | HP: 8/46 [something (2)]
  3400 | D:5      | HP: 5/46 [sky beast (1)]
  3591 | D:5      | Found a basalt altar of Yredelemnul.
  3858 | D:5      | Found a staircase to the Ecumenical Temple.
  4119 | D:6      | Found a glowing silver altar of Zin.
  4145 | D:6      | Found a broken altar of Ashenzari.
  4157 | D:6      | Found a sacrificial altar of Ru.
  4295 | D:6      | Reached skill level 10 in Axes
  4317 | D:6      | HP: 8/46 [orc warrior/+0 battleaxe (22)]
  4318 | D:6      | Slain by an orc warrior

Illustrated notes

Levels and vault maps discovered:
D:1:      dpeg_arrival_snail, layout_basic, serial_park_tiny_1, grunt_decor_cap,
          item_on_display_a
D:2:      layout_rooms, uniq_terence
D:3:      layout_basic, kiku_gazebo_pond_becter
D:4:      layout_basic, uniq_eustachio, uniq_duvessa, uniq_robin
D:5:      layout_basic, minmay_temple_entry_from_below_b, basic_altar
D:6:      cheibrodos_fertilizer, layout_loops_ring, lemuel_round_altar,
          chequers_temple_overflow_statue_of_worship

Skill      XL: |  1  2  3  4  5  6  7  8 |
---------------+-------------------------+-----
Axes           | 3 4 5 7 8 10 | 10.1
Fighting       | |  3.2
Dodging        | |  2.4
Stealth        | |  2.1

Action                   |  1- 3 |  4- 6 |  7- 9 || total
-------------------------+-------+-------+-------++-------
Melee: Hand axe          |   108 |   356 |   327 ||   791
  Use: Scroll            |     4 |     6 |     3 ||    13
       Potion            |       |       |     5 ||     5
 Stab: Sleeping          |     4 |     2 |       ||     6
       Invisible         |       |       |     8 ||     8
Armor: Robe              |    27 |       |       ||    27
       Ring mail         |     7 |    75 |       ||    82
       Chain mail        |       |   154 |   240 ||   394
       Skin              |       |       |    21 ||    21
Dodge: Dodged            |    78 |   195 |   103 ||   376

Table legend: (Time is in decaauts)
 A = Elapsed time spent in this place.
 B = Non-inter-level travel time spent in this place.
 C = Inter-level travel time spent in this place.
 D = Time resting spent in this place.
 E = Time spent auto-exploring this place.
 F = Levels seen in this place.
 G = Mean time per level.
                   A        B        C        D        E       F      G
               +--------+--------+--------+--------+--------+-----+--------+
         Total |   4311 |   4178 |    133 |    375 |   2508 |   6 |  718.5 |
       Dungeon |   4311 |   4178 |    133 |    375 |   2508 |   6 |  718.5 |
               +--------+--------+--------+--------+--------+-----+--------+

Top non-repeatable levels by time:
     D:1: 1092 daAuts
     D:3: 1059 daAuts
     D:5: 885 daAuts
     D:2: 642 daAuts
     D:4: 435 daAuts
     D:6: 196 daAuts

Table legend:
 A = Kills in this place as a percentage of kills in entire the game.
 B = Kills by you in this place as a percentage of kills by you in the entire game.
 C = Kills by friends in this place as a percentage of kills by friends in the entire game.
 D = Other kills in this place as a percentage of other kills in the entire game.
 E = Experience gained in this place as a percentage of experience gained in the entire game.
 F = Experience gained in this place divided by the number of levels of this place that you have seen.
                   A       B       C       D       E      F
               +-------+-------+-------+-------+-------+----------------------
         Total | 100.0 | 100.0 |   N/A |   N/A | 100.0 | 350.0
       Dungeon | 100.0 | 100.0 |   N/A |   N/A | 100.0 | 350.0
               +-------+-------+-------+-------+-------+----------------------
